[Event "EYTCC U18 Girls 2018"]
[Site "Bad Blankeburg"]
[Date "2018.07.15"]
[Round "4"]
[White "Schneider, Jana"]
[Black "Kiolbasa, Oliwia"]
[Result "0-1"]
[ECO "C54"]
[WhiteElo "2234"]
[BlackElo "2189"]
[Annotator "NA"]
[PlyCount "104"]
[EventDate "2018.07.12"]
[EventType "swiss"]
[EventCountry "GER"]
[SourceTitle "playchess.com"]
[Source "ChessBase"]
[SourceQuality "1"]
[TimeControl "40/5400+30:1800+30"]

1. e4 e5 2. Nf3 Nc6 3. Bc4 Bc5 4. c3 Nf6 5. d3 O-O 6. O-O d5 7. exd5 Nxd5 8. a4 {[%emt 0:05:15] C54: Giuoco Piano: 4 c3 Nf6, main lines with 5 d4 and 5 d3} (8. Nbd2 Bg4 9. Re1 Nb6 10. Bb5 Bd6 11. h3 Bh5 12. Ne4 f5 13. Ng3 Bxf3 14. Qxf3 Ne7 15. Qxb7 c6 16. Bc4+ Nxc4 17. Qb3 Kh8 18. Qxc4 Qd7 19. Bd2 Nd5 {½-½ (52) Vachier Lagrave,M (2789)-Giri,A (2782) Leuven 2018}) 8... a6 9. h3 h6 10. Re1 Be6 11. a5 $146 ({Predecessor:} 11. Nbd2 Nf4 12. Ne4 Bxc4 13. Nxc5 Nxd3 14. Nxd3 Qxd3 15. Qxd3 Bxd3 16. Nxe5 Nxe5 17. Rxe5 {½-½ (32) Bondoc,D (2191)-Bonte,A (2335) Eforie Nord 2009}) 11... Ba7 12. Qb3 Qd6 13. Nbd2 Nf4 14. Ne4 Qxd3 15. Bxe6 Nxe6 16. Qxb7 Qb5 17. Qxb5 axb5 18. Ng3 Rfd8 19. b4 Rd3 20. Bd2 Rad8 21. Nf1 f6 22. Rac1 Ne7 23. c4 bxc4 24. Rxc4 Nd5 25. Rb1 Rb8 26. Ne1 Ra3 27. b5 Nd4 28. Nc2 Ra2 29. Nxd4 Bxd4 30. a6 Rxa6 31. Ne3 Bxe3 32. fxe3 Ra2 33. Bc1 Rb7 34. Rc5 Nb6 35. Rb3 Rba7 36. Rd3 Kf7 37. Rd8 Ra1 38. Kf2 Rb1 39. Bd2 Rb2 40. Kf3 Ke7 41. Rd3 Nc8 42. Bc1 Rba2 43. e4 Nd6 44. Be3 {[%emt 0:00:00] [#]} Rb7 $1 45. b6 cxb6 46. Rc6 {[%emt 0:00:00] [#]} Nf7 ({Better is} 46... Nxe4 $1 $19 47. Kxe4 Ra4+ 48. Kf5 Kf7 49. Rxf6+ gxf6) 47. Bxb6 (47. h4 $17) 47... Ng5+ 48. Kg4 Rxg2+ 49. Kh5 Nxe4 50. Bd8+ Kf7 51. Bc7 Rg5+ 52. Kh4 Rb4 0-1

[Event "EYTCC U18 Girls 2018"]
[Site "Bad Blankeburg"]
[Date "2018.07.15"]
[Round "4"]
[White "Urh, Zala"]
[Black "Cvitan, Ena"]
[Result "0-1"]
[ECO "D31"]
[WhiteElo "2216"]
[BlackElo "2125"]
[Annotator "NA"]
[PlyCount "80"]
[EventDate "2018.07.12"]
[EventType "swiss"]
[EventCountry "GER"]
[SourceTitle "playchess.com"]
[Source "ChessBase"]
[SourceQuality "1"]
[TimeControl "40/5400+30:1800+30"]

1. d4 d5 2. c4 e6 3. Nc3 a6 4. cxd5 exd5 5. Bf4 {[%emt 0:00:36] D31: Damengambit (Halbslawisch)} Nf6 6. e3 Bd6 7. Bxd6 Qxd6 8. Bd3 O-O 9. Nge2 Nbd7 10. O-O b6 11. Qc2 $146 ({Vorgänger:} 11. Nf4 Bb7 12. Rc1 Rfe8 {½-½ (33) Bochev,K (2301)-Voiculescu,C (2573) ICCF email 2010}) 11... Bb7 12. Rad1 Rfe8 13. Rfe1 g6 14. Qc1 Rac8 15. Ng3 c5 16. Bb1 h5 17. e4 cxd4 18. Rxd4 Qc5 19. Qd1 Ne5 20. Na4 Qa5 21. b4 Qb5 22. exd5 Bxd5 23. Re3 Qc6 24. Rc3 Qb7 25. f3 Rxc3 26. Nxc3 Bxf3 27. Qb3 Bxg2 28. Be4 $19 Bxe4 29. Ncxe4 Neg4 30. Qf3 Nxe4 31. Nxe4 Kf8 32. b5 f5 33. Qa3+ Qe7 34. Qxe7+ Rxe7 35. Rd8+ Kg7 36. Ng5 axb5 37. Rd6 Re1+ 38. Kg2 Re2+ 39. Kg1 Rxa2 40. h3 Ne3 0-1

[Event "EYTCC U18 Girls 2018"]
[Site "Bad Blankeburg"]
[Date "2018.07.15"]
[Round "4"]
[White "Hrescak, Ivana"]
[Black "Ciolacu, Alessia-Mihaela"]
[Result "1/2-1/2"]
[ECO "E47"]
[WhiteElo "2129"]
[BlackElo "1938"]
[Annotator "NA"]
[PlyCount "82"]
[EventDate "2018.07.12"]
[EventType "swiss"]
[EventCountry "GER"]
[SourceTitle "playchess.com"]
[Source "ChessBase"]
[SourceQuality "1"]
[TimeControl "40/5400+30:1800+30"]

1. d4 Nf6 2. c4 e6 3. Nc3 Bb4 4. e3 O-O 5. Bd3 Re8 6. Nge2 d5 7. O-O dxc4 8. Bxc4 c5 9. a3 Bxc3 10. bxc3 Nc6 11. Ba2 cxd4 12. cxd4 b6 13. Bb2 Bb7 14. f3 Nd5 15. Qd3 a5 $16 16. Bc4 Nc7 17. Rac1 Rb8 18. a4 Nb4 19. Qb3 Qg5 20. e4 Ba6 21. f4 Qe7 22. Qg3 Bxc4 23. Rxc4 Ncd5 24. Ba3 Nf6 25. Qf3 b5 26. axb5 Rxb5 27. Nc3 Rbb8 28. Na4 Rec8 29. Nc5 Nd7 30. Qe3 Nxc5 31. dxc5 Nc6 32. Qc3 e5 33. fxe5 Qxe5 34. Qf3 Qe6 35. Rc3 Nd4 36. Qe3 Nb5 37. Rd3 Nxa3 38. Rxa3 Rb4 39. Rxa5 Rxe4 40. Qf3 Rc4 41. Qf5 g6 1/2-1/2

[Event "EYTCC U18 Girls 2018"]
[Site "Bad Blankeburg"]
[Date "2018.07.15"]
[Round "4"]
[White "Blazeka, Mihaela"]
[Black "Hercog, Nusa"]
[Result "0-1"]
[ECO "B44"]
[WhiteElo "2054"]
[BlackElo "2011"]
[Annotator "NA"]
[PlyCount "76"]
[EventDate "2018.07.12"]
[EventType "swiss"]
[EventCountry "GER"]
[SourceTitle "playchess.com"]
[Source "ChessBase"]
[SourceQuality "1"]
[TimeControl "40/5400+30:1800+30"]

1. e4 c5 2. Nf3 e6 3. d4 cxd4 4. Nxd4 Nc6 5. c4 Nf6 6. Nc3 Bb4 7. Nxc6 bxc6 8. Bd3 e5 9. O-O O-O 10. Qe2 d6 11. Na4 Be6 12. a3 Ba5 13. b4 Bc7 14. Be3 Ng4 15. Bd2 Nf6 16. h3 h6 17. f4 exf4 18. Bxf4 d5 19. Rad1 Bxf4 20. Rxf4 dxc4 21. Bc2 Qe7 22. e5 Nd5 23. Rxc4 Qg5 24. Rxc6 Nf4 25. Qe4 Bf5 26. Qf3 Bxh3 27. g3 Bg2 28. Qxf4 Qxf4 29. gxf4 Bxc6 30. Nc3 Rfd8 31. Bd3 Bf3 32. Rd2 Rac8 33. Nb5 Rd5 34. Kf2 Be4 35. Nd6 Rc3 36. Nxe4 Rdxd3 37. Nxc3 Rxd2+ 38. Ke3 Rb2 0-1

[Event "EYTCC U18 Girls 2018"]
[Site "Bad Blankeburg"]
[Date "2018.07.15"]
[Round "4"]
[White "Lehaci, Miruna Daria"]
[Black "Rozman, Monika"]
[Result "0-1"]
[ECO "C65"]
[WhiteElo "2015"]
[BlackElo "2125"]
[Annotator "NA"]
[PlyCount "70"]
[EventDate "2018.07.12"]
[EventType "swiss"]
[EventCountry "GER"]
[SourceTitle "playchess.com"]
[Source "ChessBase"]
[SourceQuality "1"]
[TimeControl "40/5400+30:1800+30"]

1. e4 e5 2. Nf3 Nc6 3. Bb5 Nf6 4. d3 d6 5. O-O g6 6. c4 Bg7 7. Nc3 O-O 8. h3 Ne7 9. Re1 h6 10. Ba4 Be6 11. Bb3 g5 12. c5 Ng6 13. Bxe6 fxe6 14. Qb3 Qd7 15. Qxb7 Rab8 16. Qa6 Nh5 17. Qa4 $14 Qf7 18. cxd6 Nh4 19. Qd1 cxd6 20. Qe2 Nxf3+ 21. Qxf3 Qxf3 22. gxf3 Rxf3 23. Re3 Rf7 24. b3 Nf4 25. Nd1 d5 26. Kf1 Rc8 27. Bb2 d4 28. Rf3 Rfc7 29. Ke1 Rc2 30. Rb1 Kh7 31. a4 Bf8 32. Ba1 Bb4+ 33. Kf1 Rc1 34. Rxc1 Rxc1 35. Bb2 Rxd1# 0-1

[Event "EYTCC U18 Girls 2018"]
[Site "Bad Blankeburg"]
[Date "2018.07.16"]
[Round "5"]
[White "Sieber, Fiona"]
[Black "Cvitan, Ena"]
[Result "1-0"]
[ECO "B12"]
[WhiteElo "2283"]
[BlackElo "2125"]
[Annotator "NA"]
[PlyCount "87"]
[EventDate "2018.07.12"]
[EventType "swiss"]
[EventCountry "GER"]
[SourceTitle "playchess.com"]
[Source "ChessBase"]
[SourceQuality "1"]
[TimeControl "40/5400+30:1800+30"]

1. e4 c6 2. d4 d5 3. e5 Bf5 4. Nf3 e6 5. Be2 c5 6. Be3 cxd4 7. Nxd4 Ne7 8. Nd2 {[%emt 0:00:06] B12: Caro-Kann: Advance Variation} Nbc6 9. N2f3 Bg4 10. O-O g6 11. Qd2 $146 ({Predecessor:} 11. h3 Bxf3 12. Nxf3 Bg7 13. Bf4 O-O 14. c3 Qc7 15. Re1 Nxe5 {½-½ (59) Dominguez Perez,L (2739)-So,W (2788) Saint Louis 2017}) 11... Bg7 12. Bh6 O-O 13. Rfe1 a6 14. c3 Rc8 15. Rad1 Qc7 16. Bxg7 Kxg7 17. Qf4 Bxf3 18. Qf6+ Kg8 19. Nxf3 h6 20. Bd3 Qd8 21. Qf4 Kg7 22. h4 Nf5 23. h5 b5 24. g4 Nh4 $2 ({Besser ist} 24... g5 $14 25. Qd2 Nh4 26. Nxh4 gxh4) 25. Qf6+ $1 Qxf6 26. exf6+ Kxf6 27. Nxh4 gxh5 28. gxh5 Rg8+ 29. Kh2 Ne5 30. Be2 Ng4+ 31. Bxg4 Rxg4 32. Nf3 Rf4 33. Re3 Rf5 34. Rd4 Rg8 35. Kh3 Rxh5+ 36. Rh4 Rxh4+ 37. Nxh4 e5 38. Rg3 Rc8 39. Kg2 Rc4 40. Nf3 a5 $18 41. Rh3 Ke6 42. Rxh6+ f6 43. Rh4 Rxh4 44. Nxh4 1-0

[Event "EYTCC U18 Girls 2018"]
[Site "Bad Blankeburg"]
[Date "2018.07.16"]
[Round "5"]
[White "Urh, Zala"]
[Black "Antolak, Julia"]
[Result "0-1"]
[ECO "D97"]
[WhiteElo "2216"]
[BlackElo "2282"]
[Annotator "NA"]
[PlyCount "54"]
[EventDate "2018.07.12"]
[EventType "swiss"]
[EventCountry "GER"]
[SourceTitle "playchess.com"]
[Source "ChessBase"]
[SourceQuality "1"]
[TimeControl "40/5400+30:1800+30"]

1. d4 Nf6 2. c4 g6 3. Nc3 d5 4. Nf3 Bg7 5. Qb3 dxc4 6. Qxc4 O-O 7. e4 Nc6 8. Be2 e5 {[%emt 0:00:22] D97: Grünfeld: Russian System: 7 e4, replies other than 7...Bg4} 9. d5 Nd4 10. Nxd4 exd4 11. Qxd4 c6 12. d6 Re8 13. Qd3 {[%emt 0:09:27] LiveBook: 5 Games} b5 {[%emt 0:27:47] [#]} 14. Bf3 $146 ({Predecessor:} 14. f3 Re6 15. Qc2 Rxd6 16. Bf4 {1-0 (48) Wang,H (2710)-Aronian,L (2797) Beijing 2014}) 14... Be6 15. Bf4 Bc4 16. Qc2 Nd5 17. Nxd5 cxd5 18. a4 (18. Qd2 $17 {keeps fighting.}) 18... g5 19. Be3 d4 20. axb5 $19 Rc8 21. Bxg5 Qxd6 22. Qd2 Qg6 23. Qf4 Rc5 24. Bh4 Rce5 25. Ra6 Rxe4+ 26. Bxe4 Rxe4+ 27. Kd2 Re2+ 0-1

[Event "EYTCC U18 Girls 2018"]
[Site "Bad Blankeburg"]
[Date "2018.07.16"]
[Round "5"]
[White "Kiolbasa, Oliwia"]
[Black "Hercog, Nusa"]
[Result "1/2-1/2"]
[ECO "B47"]
[WhiteElo "2189"]
[BlackElo "2011"]
[Annotator "NA"]
[PlyCount "115"]
[EventDate "2018.07.12"]
[EventType "swiss"]
[EventCountry "GER"]
[SourceTitle "playchess.com"]
[Source "ChessBase"]
[SourceQuality "1"]
[TimeControl "40/5400+30:1800+30"]

1. e4 c5 2. Nf3 e6 3. d4 cxd4 4. Nxd4 Nc6 5. Nc3 Qc7 6. g3 a6 7. Bg2 Nf6 8. O-O Be7 9. Re1 O-O {[%emt 0:03:55] LiveBook: 154 Games} 10. Nxc6 bxc6 11. e5 Nd5 12. Na4 Nb6 13. Nxb6 Qxb6 14. c4 f6 15. Qc2 fxe5 $14 16. Be4 h6 17. Bh7+ Kh8 18. Rxe5 Bc5 19. Be3 d5 20. Bxc5 Qxc5 21. cxd5 Qd6 22. Rae1 cxd5 23. Bd3 Bd7 24. Qe2 Rf6 25. Bb1 Qc5 26. Re3 Raf8 27. Qd3 g6 28. f4 Kg7 29. Qc3 Qb6 30. Rd1 Rc8 31. Qe5 Rc4 32. Kg2 Bc6 33. Rb3 Qa7 34. Re1 Kf7 35. Bd3 Rc5 36. Qb8 Qxb8 37. Rxb8 Bb5 38. Bxb5 axb5 39. Re2 Ke7 40. b4 Rc4 41. Rxb5 Kd7 42. h4 g5 43. hxg5 hxg5 44. fxg5 Rg6 45. Rb6 Rxg5 46. Rbxe6 Rxb4 47. R6e5 Rxe5 48. Rxe5 Rb2+ 49. Kf3 Rxa2 50. Rxd5+ Ke6 51. Rd8 Kf5 52. g4+ Kg5 53. Rd5+ Kg6 54. Kf4 Ra4+ 55. Kg3 Ra1 56. Rd3 Kg5 57. Rd5+ Kg6 58. Rd3 1/2-1/2

[Event "EYTCC U18 Girls 2018"]
[Site "Bad Blankeburg"]
[Date "2018.07.16"]
[Round "5"]
[White "Nemcova, Karin"]
[Black "Hercog, Nusa"]
[Result "*"]
[WhiteElo "2133"]
[BlackElo "2011"]
[Annotator "NA"]
[PlyCount "30"]
[EventDate "2018.07.12"]
[EventType "swiss"]
[EventCountry "GER"]
[SourceTitle "playchess.com"]
[Source "ChessBase"]
[SourceQuality "1"]
[TimeControl "40/5400+30:1800+30"]

1. e4 c5 2. Nf3 e6 3. d4 cxd4 4. Nxd4 Nc6 5. Nc3 Qc7 6. g3 a6 7. Bg2 Nf6 8. O-O Be7 9. Re1 O-O {[%emt 0:03:55] LiveBook: 154 Games} 10. Nxc6 bxc6 11. e5 Nd5 12. Na4 Nb6 13. Nxb6 Qxb6 14. c4 f6 15. Qc2 fxe5 $14 *

[Event "EYTCC U18 Girls 2018"]
[Site "Bad Blankeburg"]
[Date "2018.07.16"]
[Round "5"]
[White "Rozman, Monika"]
[Black "Muetsch, Annmarie"]
[Result "1-0"]
[ECO "E43"]
[WhiteElo "2125"]
[BlackElo "2146"]
[Annotator "NA"]
[PlyCount "69"]
[EventDate "2018.07.12"]
[EventType "swiss"]
[EventCountry "GER"]
[SourceTitle "playchess.com"]
[Source "ChessBase"]
[SourceQuality "1"]
[TimeControl "40/5400+30:1800+30"]

1. d4 Nf6 2. c4 e6 3. Nc3 Bb4 4. e3 b6 5. a3 Bxc3+ 6. bxc3 c5 7. Bd3 Nc6 8. Ne2 O-O 9. O-O Ba6 10. e4 Ne8 {[%emt 0:00:43] LiveBook: 225 Partien} 11. f4 f5 12. Ng3 g6 13. d5 {[%emt 0:05:44] E29: Nimzo-Indian: Sämisch: 5...0-0 6 e3 c5 7 Bd3 Nc6} (13. Be3 cxd4 14. cxd4 d5 15. cxd5 Bxd3 16. Qxd3 fxe4 17. Qxe4 Qxd5 18. Qxd5 exd5 19. Rac1 Ne7 20. Bd2 Rf7 21. Be3 Nc6 22. Bd2 Ne7 {½-½ (22) Bluvshtein,M (2590)-Mareco,S (2627) Moscow 2011}) 13... Na5 14. e5 $146 ({Predecessor:} 14. Qe2 Nd6 15. Rd1 Qe8 16. e5 Nf7 17. d6 Kg7 {½-½ (18) Kouvatsos,F (1970)-Logothetis,S (2076) Chania 2000}) 14... Kh8 (14... d6 $17) 15. Ra2 Bxc4 16. Bxc4 Nxc4 17. d6 b5 18. Qd3 Ng7 19. Be3 Nxe3 $11 20. Qxe3 Qb6 21. Rb1 Qc6 22. Rab2 a6 23. Ne2 Nh5 24. c4 bxc4 25. Nc3 Rg8 26. Rb7 Qc8 27. Rc7 Qd8 28. Rbb7 Rg7 29. Na4 g5 30. Nb6 Nxf4 31. Nxa8 Qxa8 32. Qxc5 Rg8 33. Rxd7 Rc8 34. Rxh7+ Kg8 35. Rhc7 1-0

[Event "EYTCC U18 Girls 2018"]
[Site "Bad Blankeburg"]
[Date "2018.07.16"]
[Round "5"]
[White "Blazeka, Mihaela"]
[Black "Schneider, Jana"]
[Result "1/2-1/2"]
[ECO "C07"]
[WhiteElo "2054"]
[BlackElo "2234"]
[Annotator "NA"]
[PlyCount "71"]
[EventDate "2018.07.12"]
[EventType "swiss"]
[EventCountry "GER"]
[SourceTitle "playchess.com"]
[Source "ChessBase"]
[SourceQuality "1"]
[TimeControl "40/5400+30:1800+30"]

1. e4 e6 2. d4 d5 3. Nd2 c5 4. Ngf3 cxd4 5. Nxd4 Nc6 6. Bb5 Bd7 7. Nxc6 bxc6 8. Bd3 Bd6 {[%emt 0:00:54] C07: Französische Verteidigung (Tarrasch-Variante)} 9. Qe2 Ne7 10. e5 Bc7 11. O-O c5 $146 ({Vorgänger:} 11... Qb8 12. Nf3 Ng6 13. Re1 a5 14. c4 a4 15. Bd2 Ra7 16. g3 {1-0 (37) Jones,G (2647)-Nevednichy,V (2549) Abu Dhabi 2015}) 12. b3 Ng6 13. f4 O-O 14. Ba3 Bb6 15. c4 Re8 16. Qh5 Bc6 17. Rad1 a5 {[%emt 0:06:54] [#]} 18. Nf3 $1 Nf8 19. Ng5 g6 20. Qh6 a4 21. Bc1 $2 (21. f5 $18 {und der Rest ist Schweigen.} exf5 {[#]} 22. Bxf5 $1 gxf5 23. Rxf5) 21... axb3 22. axb3 Ra2 23. Bb1 Re2 24. Rf3 f5 25. Kf1 Rxg2 26. Kxg2 d4 27. Qh3 Kg7 28. Qg3 Qa8 29. Bb2 Bd8 30. Kf2 h6 31. h4 hxg5 32. hxg5 Bxf3 33. Qxf3 Qxf3+ $11 34. Kxf3 Ba5 35. Ba3 Rc8 36. Ke2 1/2-1/2

[Event "EYTCC U18 Girls 2018"]
[Site "Bad Blankeburg"]
[Date "2018.07.16"]
[Round "5"]
[White "Ziegenfuss, Antonia"]
[Black "Hrescak, Ivana"]
[Result "0-1"]
[ECO "E73"]
[WhiteElo "1957"]
[BlackElo "2129"]
[Annotator "NA"]
[PlyCount "130"]
[EventDate "2018.07.12"]
[EventType "swiss"]
[EventCountry "GER"]
[SourceTitle "playchess.com"]
[Source "ChessBase"]
[SourceQuality "1"]
[TimeControl "40/5400+30:1800+30"]

1. d4 Nf6 2. c4 g6 3. Nc3 Bg7 4. e4 d6 5. Be2 O-O 6. Be3 c5 7. e5 {[%emt 0:00:11] E73: King's Indian: Averbakh Variation without 6...c5} (7. dxc5 Qa5 8. Bd2 Qxc5 9. Nf3 Bg4 10. Be3 Qa5 11. O-O Nc6 12. a3 Rfc8 13. b4 Qd8 14. Qb3 Nd7 15. Rfd1 Nce5 16. Nxe5 Bxe2 17. Nxe2 Bxe5 18. Rac1 Qc7 19. Nf4 Bxf4 20. Bxf4 {1-0 (44) Can,E (2590)-Amin,B (2700) Dubai 2018}) 7... Ne8 8. dxc5 Bxe5 9. Nf3 Bg7 10. O-O Nc6 11. Qc1 Qa5 $146 ({Predecessor:} 11... Bf5 12. Rd1 Qc8 13. Nd5 dxc5 14. Bxc5 Qe6 {1-0 (35) Lima,D (2430)-Caldeira,A (2220) Americana 1996}) 12. cxd6 Nxd6 13. Rd1 Nf5 14. Bg5 Nfd4 15. Nxd4 Nxd4 16. Bf1 Bg4 17. Bxe7 Rfe8 18. Re1 Qf5 19. Re4 Ne6 20. f3 Bxf3 21. gxf3 Rxe7 22. Nd5 Rd7 23. Bg2 b5 24. Qd2 Rad8 25. Qb4 Rxd5 26. cxd5 Qxd5 27. Rae1 Bf8 28. Qb3 Qxb3 29. axb3 Rd3 30. b4 Rb3 31. R1e2 Bxb4 32. Rc2 Kg7 33. f4 Bc5+ 34. Kf1 Bd4 35. f5 gxf5 36. Ree2 Nf4 37. Red2 Bb6 38. Bd5 Rb4 39. Bg2 Ne6 40. Rd5 f4 41. Rd3 Nd4 42. Rcd2 Nf5 43. Bd5 a5 $17 44. Ke1 a4 45. b3 a3 46. Bc6 Rd4 47. Rg2+ Kf6 48. Bxb5 Ba5+ 49. Ke2 a2 50. Rg1 Re4+ 51. Kf3 Ke5 52. Ra1 Nd4+ 53. Rxd4 Re3+ 54. Kf2 Kxd4 55. Rxa2 Be1+ 56. Kf1 f3 57. Ra1 f2 58. Ra2 Rxb3 59. Be2 f5 60. Kg2 Ke4 61. Ra4+ Ke3 62. Ra2 f4 63. Rc2 Bd2 64. Bc4 Rb7 65. Rxd2 Rg7+ 0-1

[Event "EYTCC U18 Girls 2018"]
[Site "Bad Blankeburg"]
[Date "2018.07.17"]
[Round "6"]
[White "Sieber, Fiona"]
[Black "Rozman, Monika"]
[Result "1-0"]
[ECO "C71"]
[WhiteElo "2283"]
[BlackElo "2125"]
[Annotator "NA"]
[PlyCount "89"]
[EventDate "2018.07.12"]
[EventType "swiss"]
[EventCountry "GER"]
[SourceTitle "playchess.com"]
[Source "ChessBase"]
[SourceQuality "1"]
[TimeControl "40/5400+30:1800+30"]

1. e4 e5 2. Nf3 Nc6 3. Bb5 a6 4. Ba4 d6 5. d4 b5 6. Bb3 Nxd4 7. Nxd4 exd4 8. Bd5 Rb8 9. Qxd4 Ne7 10. Bg5 f6 11. Bf4 c5 12. Qd1 Nxd5 13. Qh5+ g6 14. Qxd5 Bb7 15. Qd3 Be7 ({Black should play} 15... g5 $11 16. Bg3 Qe7) 16. Nc3 Kf7 17. O-O-O c4 18. Qd4 $16 Qa5 19. Kb1 Rhd8 20. h4 Rbc8 21. Nd5 c3 22. Nxe7 Rc4 23. Qa7 Rc7 24. Nc6 Bxc6 25. Qd4 Bb7 26. h5 g5 27. Bxd6 Rc4 28. Qa7 Rd7 29. e5 cxb2 30. Rhe1 fxe5 31. Bxe5 Re7 32. Qe3 Be4 33. Qxg5 Rxe5 34. Qxe5 Bxc2+ 35. Kxb2 Qb4+ 36. Ka1 Qc3+ 37. Qxc3 Rxc3 38. Rc1 Rc4 39. Kb2 Bd3 40. Rxc4 Bxc4 41. Rd1 Ke6 42. g4 Ke5 43. g5 Kf5 44. g6 hxg6 45. h6 1-0

[Event "EYTCC U18 Girls 2018"]
[Site "Bad Blankeburg"]
[Date "2018.07.17"]
[Round "6"]
[White "Antolak, Julia"]
[Black "Lehaci, Miruna Daria"]
[Result "0-1"]
[ECO "B90"]
[WhiteElo "2282"]
[BlackElo "2015"]
[Annotator "ChessBase"]
[PlyCount "206"]
[EventDate "2018.07.12"]
[EventType "swiss"]
[EventCountry "GER"]
[SourceTitle "playchess.com"]
[Source "ChessBase"]
[SourceQuality "1"]
[TimeControl "40/5400+30:1800+30"]

1. e4 c5 2. Nf3 d6 3. d4 cxd4 4. Nxd4 Nf6 5. Nc3 a6 6. Be3 e5 7. Nb3 Be6 8. f3 Be7 9. Qd2 O-O 10. O-O-O Nbd7 11. g4 b5 12. g5 b4 13. gxf6 bxc3 14. Qxc3 Nxf6 15. Na5 Qe8 16. Nc6 Rc8 17. Nxe7+ Qxe7 18. Qa5 Rc6 19. b3 Rfc8 20. Kb1 Qd7 21. c4 Qb7 22. Ka1 Qe7 23. Rg1 Nh5 24. Bd3 Qf6 25. Bg5 Qxf3 26. Qd2 Nf4 27. Bc2 Nh3 28. Rg3 Qf2 29. Bh6 g6 30. Qc3 Bxc4 31. bxc4 Rxc4 32. Qb3 Rxc2 33. Rxh3 Qe2 34. Rhd3 Qxh2 35. Be3 Qe2 36. Rxd6 Kg7 37. Rd7 R8c4 38. R7d2 Rxd2 39. Rxd2 Qe1+ 40. Rd1 Qb4 41. Qd3 Rxe4 42. Bc5 Qc4 43. Qd6 h5 44. Ba3 Re2 45. Bb2 Qb5 46. Rb1 Qa5 47. Qd1 Rd2 48. Qe1 Rd5 49. Qe4 Qc5 50. Re1 f6 51. Rc1 Qd6 52. Qa4 g5 53. Ba3 Qd7 54. Qxa6 Rd1 55. Qe2 Qd4+ 56. Kb1 Rxc1+ 57. Bxc1 h4 58. Qh5 Qd3+ 59. Kb2 Qb5+ 60. Kc2 Qc4+ 61. Kb2 Qb4+ 62. Kc2 Qe4+ 63. Kb3 Qd3+ 64. Kb2 Qg6 65. Qg4 f5 66. Qe2 h3 67. a4 Qb6+ 68. Ka2 Qd4 69. Qc2 Qd5+ 70. Ka1 Kg6 71. Qc8 Qd4+ 72. Kb1 Qe4+ 73. Kb2 Qb4+ 74. Ka2 Qxa4+ 75. Kb2 Qb5+ 76. Kc2 Qa4+ 77. Kb2 Qd4+ 78. Kb1 Qd3+ 79. Ka2 Qd5+ 80. Kb2 e4 81. Qh8 Qb5+ 82. Ka2 Qa6+ 83. Kb1 Qb7+ 84. Ka2 Qh7 85. Qd8 Qf7+ 86. Ka3 Qa7+ 87. Kb3 Qf7+ 88. Ka3 f4 89. Qh8 Qe7+ 90. Kb3 Qe6+ 91. Kc2 e3 92. Kd1 Qb3+ 93. Ke1 Qb4+ 94. Kd1 Qb3+ 95. Ke1 Qe6 96. Bb2 f3 97. Qg7+ Kh5 98. Qh8+ Kg4 99. Qd4+ Kg3 100. Bc1 f2+ 101. Ke2 Qg4+ 102. Qxg4+ Kxg4 103. Kf1 h2 0-1

[Event "EYTCC U18 Girls 2018"]
[Site "Bad Blankeburg"]
[Date "2018.07.17"]
[Round "6"]
[White "Kovacs, Judit"]
[Black "Blazeka, Mihaela"]
[Result "0-1"]
[ECO "A46"]
[WhiteElo "2143"]
[BlackElo "2054"]
[Annotator "NA"]
[PlyCount "62"]
[EventDate "2018.07.12"]
[EventType "swiss"]
[EventCountry "GER"]
[SourceTitle "playchess.com"]
[Source "ChessBase"]
[SourceQuality "1"]
[TimeControl "40/5400+30:1800+30"]

1. d4 Nf6 2. Nf3 e6 3. e3 b6 4. Bd3 Bb7 5. O-O Be7 6. c4 c5 7. Nc3 d6 8. d5 exd5 9. cxd5 Nbd7 10. e4 O-O 11. h3 a6 12. a4 Re8 {[%emt 0:00:32] E14: Queen's Indian: Classical Variation (4 e3)} (12... Ne8 13. Bf4 Bf6 14. Nd2 Ne5 15. Be2 Ng6 16. Bh2 Be5 17. Nc4 Bxh2+ 18. Kxh2 Rb8 19. f4 Nf6 20. Bd3 {½-½ (70) Neelotpal,D (2475)-Sengupta,D (2589) Thiruvarur 2015}) 13. Bf4 Nf8 14. Re1 Ng6 15. Bh2 Nd7 16. Bf1 Qc7 17. Nd2 Bf6 18. f4 $146 ({Predecessor:} 18. Nc4 Nde5 19. Ne3 Nd7 20. Nc4 Nde5 21. Ne3 Nd7 {½-½ (21) Werner,D (2358)-Ignacz,M (2238) Budapest 2007}) 18... Re7 {[%emt 0:08:12] [#]} 19. Nf3 $14 (19. e5 $1 $18 ) 19... c4 20. Kh1 Qc5 21. Rc1 b5 22. Qd2 Rae8 23. e5 dxe5 24. f5 e4 25. d6 exf3 26. dxe7 Qxf5 27. Rcd1 Nh4 28. Nd5 Bg5 29. Qd4 Nf6 30. Nxf6+ Bxf6 31. Qd7 fxg2+ 0-1

[Event "EYTCC U18 Girls 2018"]
[Site "Bad Blankeburg"]
[Date "2018.07.17"]
[Round "6"]
[White "Hrescak, Ivana"]
[Black "Schneider, Jana"]
[Result "1/2-1/2"]
[ECO "A06"]
[WhiteElo "2129"]
[BlackElo "2234"]
[Annotator "NA"]
[PlyCount "81"]
[EventDate "2018.07.12"]
[EventType "swiss"]
[EventCountry "GER"]
[SourceTitle "playchess.com"]
[Source "ChessBase"]
[SourceQuality "1"]
[TimeControl "40/5400+30:1800+30"]

1. Nf3 d5 2. g3 Nd7 3. Bg2 e5 4. d3 Bd6 5. e4 c6 6. O-O Ngf6 7. Nc3 O-O 8. Nd2 {[%emt 0:03:59] A00: Irregular Openings} (8. Nh4 Nb6 9. h3 Re8 10. Qf3 h6 11. Nf5 Bf8 12. g4 Be6 13. Bd2 dxe4 14. Nxe4 Nxe4 15. Qxe4 Bd5 {0-1 (46) Abramovic,B (2420)-Aronian,L (2795) Novi Sad 2016}) 8... Nb6 9. Ne2 $146 ({Predecessor:} 9. a4 a5 10. b3 Bg4 11. f3 Be6 12. Kh1 Nfd7 13. f4 exf4 14. gxf4 Qf6 15. Bb2 Qh6 16. e5 Bc7 17. d4 f6 {0-1 (34) Stohl,I (2560)-Blatny,P (2490) Austria 1996}) 9... Re8 10. h3 Be6 11. g4 dxe4 12. dxe4 Bb4 13. c3 Bf8 14. Qc2 Qc7 15. b3 Nfd7 16. Nf3 a5 17. Ng5 a4 18. Rb1 axb3 19. axb3 Rad8 20. Kh1 Nc5 21. f4 f6 $14 ({Black should try} 21... Nd3 $11) 22. Nxe6 Rxe6 23. fxe5 fxe5 24. b4 Nd3 25. Bg5 Be7 26. Qa2 Qd7 27. Bxe7 Qxe7 28. Ng3 Kh8 29. Nf5 Qd7 30. Rbd1 Rf6 31. g5 Rff8 32. Kh2 Qc7 33. Rxd3 Rxd3 34. Nh6 Rdd8 35. Rf7 Ra8 36. Qb3 Rxf7 37. Nxf7+ Kg8 38. Nh6+ Kh8 39. Nf7+ Kg8 40. Nh6+ Kh8 41. Nf7+ 1/2-1/2

[Event "EYTCC U18 Girls 2018"]
[Site "Bad Blankeburg"]
[Date "2018.07.17"]
[Round "6"]
[White "Cvitan, Ena"]
[Black "Egyed, Judit"]
[Result "1/2-1/2"]
[ECO "E90"]
[WhiteElo "2125"]
[BlackElo "2171"]
[Annotator "NA"]
[PlyCount "61"]
[EventDate "2018.07.12"]
[EventType "swiss"]
[EventCountry "GER"]
[SourceTitle "playchess.com"]
[Source "ChessBase"]
[SourceQuality "1"]
[TimeControl "40/5400+30:1800+30"]

1. d4 Nf6 2. c4 g6 3. Nc3 Bg7 4. e4 d6 5. Nf3 O-O 6. h3 e5 7. d5 Nbd7 8. Be3 a5 9. g4 Nc5 10. Nd2 c6 11. Be2 cxd5 12. cxd5 Ne8 13. h4 h6 14. h5 g5 $16 15. Bxc5 dxc5 16. a4 Nd6 17. Nb5 b6 18. Rh3 Rb8 19. Rb3 Nxb5 20. Bxb5 Qf6 21. Qe2 Rd8 22. Nc4 Bf8 23. f3 Bd6 24. O-O-O Qe7 25. Kb1 Kg7 26. Qc2 f6 27. Bc6 Qc7 28. Bb5 Kg8 29. Qe2 Kg7 30. Qc2 Kg8 31. Qe2 1/2-1/2